 Dungeon Crawl Stone Soup version 0.31.0-12-g77e489cdc1 (webtiles) character file.

Game seed: 10529100760917139418

1024 AlmostFamous the Digger (level 8, -2/48 HPs)
             Began as a Gargoyle Earth Elementalist on Mar 7, 2024.
             Was an Initiate of Gozag.
             Slain by Duvessa
             ... wielding a +0 short sword
              (3 damage)
             ... on level 6 of the Dungeon.
             The game lasted 00:12:50 (5050 turns).

AlmostFamous the Digger (GrEE)                      Turns: 5050, Time: 00:12:52

Health: -2/48      AC: 13    Str: 21    XL:     8   Next: 22%
Magic:  11/11      EV: 11    Int: 17    God:    Gozag
Gold:   556        SH:  0    Dex: 10    Spells: 3/11 levels left

rFire   . . .        C - +10 whip "Tuigak" {holy, *Noise rN+ rCorr Str+5}
rCold   . . .        (no shield)
rNeg    + + .        r - +4 leather armour "Telautuj" {rCorr Str+3}
rPois   ∞            (no helmet)
rElec   +            u - scarf {+Inv}
rCorr   +            (no gloves)
SInv    .            k - +0 pair of boots
Will    .....        (no amulet)
Stlth   ++           L - ring of flight
HPRegen 0.28/turn    (no ring)
MPRegen 0.12/turn

%: no passive effects
@: gold aura, flying
A: sickness immunity, AC +5, negative energy resistance 1, electricity
resistance, torment resistance 1, petrification resistance
a: Renounce Religion, Evoke Invisibility, Potion Petition, Call Merchant, Bribe
Branch


You were on level 6 of the Dungeon.
You worshipped Gozag.
Gozag was pleased with you.
You visited 1 branch of the dungeon, and saw 6 of its levels.

You collected 603 gold pieces.
You paid 47 gold pieces to Gozag.


Innate Abilities, Weirdness & Mutations

You are immune to sickness and miasma.
Your stone body is resilient. (AC +5)
You are immune to poison.
You resist negative energy. (rN+)
You are resistant to electric shocks. (rElec)
You are resistant to unholy torment.
You are immune to petrification.


   Skills:
 - Level 4.0 Fighting
 - Level 5.0 Maces & Flails
 - Level 1.5 Dodging
 - Level 2.1 Stealth
 - Level 2.0 Spellcasting
 - Level 4.0 Conjurations
 - Level 6.0 Earth Magic
 - Level 2.0 Alchemy
 + Level 2.2 Evocations


You had 3 spell levels left.
You knew the following spells:

 Your Spells              Type           Power      Damage    Failure   Level
p - Petrify               Alch/Erth      15%        N/A       38%         4
w - Stone Arrow           Conj/Erth      36%        3d9       9%          3
z - Sandblast             Erth           44%        2d11      1%          1

Your spell library contained the following spells:

 Spells                   Type           Power      Damage    Failure   Level
 Passwall                 Erth           22%        N/A       5%          3
 Shock                    Conj/Air       32%        1d5       10%         1
 Dazzling Flash           Conj/Hex       16%        N/A       28%         3
 Mephitic Cloud           Conj/Alch/Air  8%         N/A       28%         3
 Swiftness                Air            1%         N/A       54%         3
 Brom's Barrelling Bould  Conj/Erth      18%        2d4       28%         4
 Airstrike                Air            0%         2d(1-17)  91%         4
 Curse of Agony           Necr           1%         N/A       99%         5
 Silence                  Hex/Air        0%         N/A       99%         5

Inventory:

Hand Weapons
 C - the +10 whip "Tuigak" (weapon) {holy, *Noise rN+ rCorr Str+5}
   (You found it on level 4 of the Dungeon)

   Str+5:     It affects your strength (+5).
   rN+:       It protects you from negative energy.
   *Noise:    It may make a loud noise when swung.
   rCorr:     It protects you from acid and corrosion.
Missiles
 m - 11 poisoned darts
Armour
 a - a +0 robe
 k - a +0 pair of boots (worn)
 r - the +4 leather armour "Telautuj" (worn) {rCorr Str+3}
   (You took it off a hobgoblin on level 2 of the Dungeon)

   Str+3:     It affects your strength (+3).
   rCorr:     It protects you from acid and corrosion.
 u - a scarf of invisibility (worn)
Jewellery
 L - a ring of flight (left hand)
Wands
 t - a wand of flame (6)
 w - a wand of charming (6)
 y - a wand of mindburst (7)
Scrolls
 d - 6 scrolls of identify {unknown}
 e - 3 scrolls of vulnerability {unknown}
 f - 2 scrolls of brand weapon {unknown}
 i - 2 scrolls of fear {unknown}
 j - 4 scrolls of enchant armour {unknown}
 l - a scroll of enchant weapon {unknown}
 n - 2 scrolls of torment {unknown}
 q - 2 scrolls of revelation {unknown}
 v - 2 scrolls of teleportation {unknown}
 A - a scroll of poison {unknown}
 B - 2 scrolls of amnesia {unknown}
 E - a scroll of fog {unknown}
 F - a scroll of immolation {unknown}
Potions
 b - a potion of magic
 c - a potion of cancellation {unknown}
 g - a potion of mutation {unknown}
 h - 2 potions of brilliance {unknown}
 o - 2 potions of heal wounds {unknown}
 p - a potion of might {unknown}
 s - 3 potions of curing {unknown}
 x - a potion of lignification {unknown}
 z - a potion of invisibility {unknown}
 D - a potion of resistance {unknown}

Dungeon Overview and Level Annotations

Branches:
Dungeon (6/15)
 Temple: D:4-7

Altars:
Dithmenos
Gozag
Okawaru
Qazlal
Ru
Vehumet
Xom
Zin
The Shining One

Shops:
D:2 (

Annotations:
D:3 1 runed translucent door
D:6 Duvessa

.# . #.# ▒#.### ##. #.#
▒..>.. .... #.# .▒#.##
#...# #.# <.<..# #.....
#.#.# )▒...# #...#.#
#.#.# ▒....##
#......##.#.# .▒......
....▒..#.#.#
▒...........▒▒▒e@.#.#
.▒#.#####..▒▒.▒▒..#>#
▒.........▒▒...▒▒...##
.▒#.###..▒▒.....▒▒...##
▒...###.▒▒▒▒▒'▒▒▒▒▒...#
.▒####..............###
▒...........#.#######
.▒#########...# ▒ #.###


You could see Duvessa (berserk).


Message History

You are too injured to fight recklessly!
You are too injured to fight recklessly!
You are too injured to fight recklessly!
Unknown command.
Okay, then.
Aiming: Mindburst
Press: ? - help, Shift-Dir - straight line, f - Duvessa
Aim: Duvessa, wielding a +0 short sword and wearing a +0 leather armour (lightly wounded, berserk, chance to affect: 57%) Duvessa resists with significant effort.
Duvessa hits you but does no damage.
Aiming: Mindburst
Press: ? - help, Shift-Dir - straight line, f/p - Duvessa
Aim: Duvessa, wielding a +0 short sword and wearing a +0 leather armour (lightly wounded, berserk, chance to affect: 57%) Duvessa's mind is blasted!!
Duvessa hits you with a +0 short sword!
* * * LOW HITPOINT WARNING * * *
Duvessa barely misses you.
Aiming: Mindburst
Press: ? - help, Shift-Dir - straight line, f/p - Duvessa
Aim: Duvessa, wielding a +0 short sword and wearing a +0 leather armour (heavily wounded, berserk, chance to affect: 57%) Duvessa's mind is blasted!!
Duvessa hits you with a +0 short sword!
* * * LOW HITPOINT WARNING * * *
Unknown command.
Unknown command.
Aiming: Mindburst
Press: ? - help, Shift-Dir - straight line, f/p - Duvessa
Aim: Duvessa, wielding a +0 short sword and wearing a +0 leather armour (almost dead, berserk, chance to affect: 57%) Duvessa resists with significant effort.
Duvessa hits you but does no damage. Duvessa hits you with a +0 short sword.
You die...
Your body crumbles into a pile of gold.

Skill      XL: |  1  2  3  4  5  6  7  8 |
---------------+-------------------------+-----
Fighting       | 1 2 3 4 |  4.0
Earth Magic    | 4 5 6 |  6.0
Conjurations   | 2 3 4 |  4.0
Alchemy        | 1 2 |  2.0
Maces & Flails | 1 4 5 |  5.0
Evocations     | 2 |  2.2
Dodging        | |  1.5
Stealth        | |  2.1
Spellcasting   | |  2.0

Action                     |  1- 3 |  4- 6 |  7- 9 || total
---------------------------+-------+-------+-------++-------
  Melee: Flail             |   102 |       |       ||   102
         Spear             |    30 |   152 |       ||   182
         Whip              |       |    33 |    63 ||    96
         Punch             |       |     3 |     2 ||     5
   Cast: Sandblast         |    11 |     1 |       ||    12
         Stone Arrow       |       |       |     2 ||     2
  Evoke: Wand              |       |       |     4 ||     4
   Stab: Sleeping          |     2 |     3 |       ||     5
 Armour: Robe              |    98 |       |       ||    98
         Leather armour    |     9 |   140 |    55 ||   204
  Dodge: Dodged            |   101 |   106 |    34 ||   241

Levels and vault maps discovered:
D:1:      scummos_arrival_gate, layout_loops_cross,
          ebering_ecumenical_altar_abandoned
D:2:      layout_basic, serial_shops, nicolae_shop_drivethru
D:3:      layout_basic, nicolae_qazlal_scattered_showers,
          general_overflow_altar,
          nicolae_overflow_guarded_unrand_okawaru_victory, uniq_terence
D:4:      layout_cave_pools, kennysheep_mini, nicolae_overflow_hidden_temple,
          mainiacjoe_overflow_two_lobes
D:5:      layout_cave_pods, nicolae_dithmenos_through_a_glass_darkly,
          nicolae_ru_great_annihilating_truth
D:6:      layout_basic, mainiacjoe_overflow_24_doors, overflow_temple_1_default,
          minmay_temple_entry_statues_pillars, gup_ossuary_entry_pyramid,
          uniq_menkaure, uniq_duvessa

Notes
Turn   | Place    | Note
-------+----------+-------------------------------------------
     0 | D:1      | AlmostFamous the Gargoyle Earth Elementalist began the
                  | quest for the Orb.
     0 | D:1      | Reached XP level 1. HP: 10/10 MP: 3/3
   122 | D:1      | Reached skill level 1 in Fighting
   249 | D:1      | Reached XP level 2. HP: 17/17 MP: 5/5
   370 | D:1      | Reached skill level 2 in Fighting
   465 | D:1      | Found a faded altar of an unknown god.
   626 | D:1      | Reached skill level 4 in Earth Magic
   877 | D:2      | Reached XP level 3. HP: 17/21 MP: 6/6
   883 | D:2      | Learned a level 3 spell: Stone Arrow
  1027 | D:2      | Found a transporter.
  1309 | D:2      | Identified the +4 leather armour "Telautuj" {rCorr Str+3}
  1621 | D:2      | Reached skill level 2 in Conjurations
  1621 | D:2      | Reached XP level 4. HP: 26/26 MP: 7/7
  1666 | D:2      | Found a transporter.
  1666 | D:2      | Found Famn's Weapon Shop.
  1760 | D:3      | Reached skill level 5 in Earth Magic
  1769 | D:3      | Reached skill level 3 in Conjurations
  1864 | D:3      | Reached XP level 5. HP: 30/30 MP: 8/8
  1882 | D:3      | Found an opulent altar of Gozag.
  1915 | D:3      | Became a worshipper of Gozag Ym Sagoz the Greedy
  2011 | D:3      | You are sucked into a shaft and drop 2 floors!
  2011 | D:5      | Entered Level 5 of the Dungeon
  2157 | D:4      | Reached skill level 4 in Conjurations
  2302 | D:3      | Found a stormy altar of Qazlal.
  2456 | D:3      | Noticed Terence
  2469 | D:3      | Killed Terence
  2470 | D:3      | Reached skill level 6 in Earth Magic
  2470 | D:3      | Reached XP level 6. HP: 21/35 MP: 9/9
  2475 | D:3      | Learned a level 4 spell: Petrify
  2579 | D:3      | Found an iron altar of Okawaru.
  2601 | D:3      | Found a runed translucent door.
  2605 | D:3      | Found the +0 toga "Victory" {*Victory Clar}
  3028 | D:4      | Reached skill level 1 in Alchemy
  3052 | D:4      | Found a shimmering altar of Xom.
  3296 | D:4      | Identified the +10 whip "Tuigak" {holy, *Noise rN+ rCorr
                  | Str+5}
  3486 | D:4      | Found a glowing silver altar of Zin.
  3523 | D:4      | Found a radiant altar of Vehumet.
  3556 | D:4      | Found a glowing golden altar of the Shining One.
  3621 | D:5      | Reached skill level 3 in Fighting
  4218 | D:5      | Reached skill level 1 in Maces & Flails
  4218 | D:5      | Reached XP level 7. HP: 41/41 MP: 10/10
  4252 | D:5      | Reached skill level 2 in Maces & Flails
  4252 | D:5      | Reached skill level 2 in Alchemy
  4432 | D:5      | Reached skill level 4 in Fighting
  4476 | D:5      | Found a sacrificial altar of Ru.
  4481 | D:5      | Reached skill level 3 in Maces & Flails
  4554 | D:5      | Found a shadowy altar of Dithmenos.
  4639 | D:5      | Reached skill level 4 in Maces & Flails
  4971 | D:6      | Reached XP level 8. HP: 48/48 MP: 11/11
  4977 | D:6      | Reached skill level 1 in Evocations
  4999 | D:6      | Reached skill level 5 in Maces & Flails
  5027 | D:6      | Noticed Dowan
  5043 | D:6      | Killed Dowan
  5043 | D:6      | Noticed Duvessa
  5044 | D:6      | Reached skill level 2 in Evocations
  5049 | D:6      | HP: 1/48 [Duvessa/+0 short sword (14)]
  5050 | D:6      | Slain by Duvessa

Vanquished Creatures
  A water moccasin (D:5)
  An ice beast (D:5)
  A black bear (D:5)
  A centaur (D:6)
  A bullfrog (D:6)
  Dowan (D:6)
  2 bombardier beetles
  2 jellies (D:4)
  A hound (D:4)
  A gnoll bouda (D:5)
  An orc priest (D:3)
  A sleepcap (D:5)
  Terence (D:3)
  An orc wizard (D:5)
  A mummy (D:6)
  9 gnolls
  5 adders
  A shadow imp (D:4)
  2 ufetubi (D:4)
  3 dart slugs
  A ribbon worm (D:3)
  2 orcs (D:3)
  4 ball pythons
  4 endoplasms
  5 giant cockroaches
  4 goblins
  15 hobgoblins
  7 jackals
  3 kobolds
  4 quokkas
  7 bats
  3 frilled lizards
  3 rats
99 creatures vanquished.

Vanquished Creatures (others)
  A gnoll (D:3)
1 creature vanquished.

Grand Total: 100 creatures vanquished

Table legend: (Time is in decaauts)
 A = Elapsed time spent in this place.
 B = Non-inter-level travel time spent in this place.
 C = Inter-level travel time spent in this place.
 D = Time resting spent in this place.
 E = Time spent auto-exploring this place.
 F = Levels seen in this place.
 G = Mean time per level.
                   A        B        C        D        E       F      G
               +--------+--------+--------+--------+--------+-----+--------+
         Total |   5113 |   4852 |    261 |    899 |   2923 |   6 |  852.2 |
       Dungeon |   5113 |   4852 |    261 |    899 |   2923 |   6 |  852.2 |
               +--------+--------+--------+--------+--------+-----+--------+

Top non-repeatable levels by time:
     D:5: 1351 daAuts
     D:2: 1011 daAuts
     D:3: 973 daAuts
     D:4: 870 daAuts
     D:1: 809 daAuts
     D:6: 96 daAuts

Table legend:
 A = Non-vault XP
 B = Vault XP
 C = Vault XP percentage of total XP
 D = Non-vault monster count
 E = Vault monster count
 F = Vault count percentage of total count
                 A         B        C        D         E       F
            +---------+---------+-------+---------+---------+-------
      Total |    1290 |     173 |  11.8 |      92 |       7 |   7.1
            +---------+---------+-------+---------+---------+-------
        D:1 |      26 |       0 |   0.0 |      16 |       0 |   0.0
        D:2 |      67 |       0 |   0.0 |      22 |       0 |   0.0
        D:3 |     127 |      36 |  22.1 |      21 |       1 |   4.5
        D:4 |     224 |       0 |   0.0 |      17 |       0 |   0.0
        D:5 |     624 |      49 |   7.3 |      13 |       4 |  23.5
        D:6 |     222 |      88 |  28.4 |       3 |       2 |  40.0
            +---------+---------+-------+---------+---------+-------
